Map: Incorporeal LE

Players

DarkSide

  • Race: Protoss Protoss
  • League: Diamond
  • Spawn Location: 5:00

ManlyManMeat - Winner!

  • Race: Zerg Zerg
  • League: Platinum
  • Spawn Location: 11:00

VOD

Have the link to the VOD?

Description

Time

  • Played on: June 21, 2025, 10:30 a.m.
  • Length: 8:45
Show
View Real Time Build Order
Export as new Build Order

DarkSide Protoss 

Build Orders:  

Get SALT Encoding   

  12  0:01  Probe  
  13  0:13  Probe  
  14  0:19  Pylon  
  14  0:25  Probe  
  15  0:37  Forge  
  15  0:40  Probe  
  16  0:48  Probe  
  16  0:57  Probe  
  18  1:06  Probe  
  19  1:21  Pylon  
  19  1:23  Probe  
  20  1:35  Probe  
  21  1:52  Nexus  
  21  1:56  Gateway  
  21  1:59  Photon Cannon  
  21  2:04  Probe  
  21  2:06  Assimilator  
  22  2:10  Assimilator  
  22  2:16  Probe  
  23  2:29  Nexus  
  23  2:33  Pylon  
  23  2:45  Pylon  
  23  2:51  Probe  
  23  2:57  Photon Cannon  
  24  3:01  Zealot  
  24  3:03  Probe  
  27  3:11  Probe  
  28  3:18  Cybernetics Core  
  28  3:20  Zealot  
  28  3:23  Probe  
  29  3:31  Probe  
  32  3:35  Probe  
  34  3:41  Probe  
  34  3:43  Probe  
  34  3:44  Pylon  
  35  3:48  Zealot  
  35  3:52  Probe  
  35  3:55  Probe  
  34  4:04  Stargate  
  34  4:07  Stargate  
  34  4:16  Zealot  
  36  4:22  Probe  
  37  4:27  Assimilator  
  37  4:29  Assimilator  
  37  4:32  Probe  
  37  4:34  Probe  
  39  4:45  Probe  
  40  4:47  Probe  
  40  4:49  Void Ray  
  45  4:58  Pylon  
  45  5:01  Pylon  
  45  5:04  Pylon  
  45  5:14  Zealot  
  45  5:16  Photon Cannon  
  45  5:19  Photon Cannon  
  47  5:22  Void Ray  
  37  5:38  Probe  
  34  5:50  Probe  
  33  6:02  Probe  
  33  6:03  Void Ray  
  38  6:10  Pylon  
  38  6:14  Probe  
  34  6:19  Pylon  
  34  6:26  Probe  
  34  6:30  Photon Cannon  
  35  6:35  Photon Cannon  
  35  6:37  Probe  
  35  6:39  Probe  
  37  6:49  Probe  
  38  6:54  Pylon  
  39  7:01  Probe  
  39  7:02  Pylon  
  39  7:13  Probe  
  39  7:32  Probe  
  39  7:36  Void Ray x2  
  48  7:44  Probe  
  47  7:56  Probe  
  46  8:01  Forge  
  46  8:05  Robotics Facility  
  46  8:09  Probe x2  
  48  8:21  Probe x2  
  48  8:24  Robotics Facility  
  50  8:33  Probe x2  
Show
View Real Time Build Order
Export as new Build Order

ManlyManMeat Zerg - Winner!

Build Orders: Hatch First 

Get SALT Encoding   

  12  0:00  Drone  
  13  0:12  Overlord  
  13  0:19  Drone  
  14  0:30  Drone x2  
  16  0:36  Drone  
  17  0:54  Hatchery  
  17  0:55  Drone  
  17  1:05  Drone  
  18  1:17  Spawning Pool  
  19  1:18  Extractor, Drone x2  
  18  1:28  Drone  
  19  1:46  Drone  
  20  2:07  Queen  
  22  2:08  Queen  
  22  2:13  Zergling x2  
  22  2:14  Zergling x2  
  26  2:23  Drone x2  
  26  2:28  Overlord  
  28  2:50  Drone x4  
  32  2:55  Hatchery  
  31  3:08  Zergling x8  
  35  3:18  Drone  
  36  3:20  Overlord x3  
  36  3:37  Queen  
  36  4:04  Zergling x22  
  47  4:10  Queen  
  47  4:11  Drone  
  50  4:20  Drone x3  
  53  4:24  Extractor, Baneling Nest  
  50  4:40  Drone x2  
  50  4:41  Drone  
  50  4:43  Drone x8  
  58  5:09  Zergling x18  
  63  5:31  Zergling x4, Overlord  
  63  5:32  Overlord x2  
  65  5:42  Lair  
  61  5:59  Zergling x2  
  61  6:00  Zergling x16  
  57  6:34  Drone x3  
  60  6:43  Extractor x2  
  60  6:45  Hydralisk Den  
  57  6:48  Drone x5  
  62  7:07  Hatchery  
  61  7:14  Spore Crawler  
  61  7:15  Spore Crawler x2  
  56  7:18  Spore Crawler x2  
  56  7:19  Spore Crawler  
  56  7:20  Hydralisk x14, Spore Crawler  
  80  7:27  Hatchery  
  78  7:31  Spore Crawler  
  78  7:33  Spore Crawler  
  73  7:43  Zergling x18  
  75  8:13  Hatchery  
  75  8:14  Hydralisk x5  
  84  8:24  Drone  
  84  8:25  Drone  
Tags
 
Add a new tag
Caveats
  • Supply blocks, unpowered buildings, or Contaminate may cause inaccurate times.
  • Supply counts are checked every 10 seconds.